 Dungeon Crawl Stone Soup version 0.19-a0-1490-g5dd3618 (webtiles) character file.

413 Kidiri the Magician (level 6, -1/32 HPs)
             Began as a Deep Elf Fire Elementalist on Sept 8, 2016.
             Was an Initiate of Vehumet.
             Slain by Edmund
             ... wielding a +4 flail of protection
              (7 damage)
             ... on level 4 of the Dungeon.
             The game lasted 00:10:27 (4289 turns).

Kidiri the Magician (Deep Elf Fire Elementalist)    Turns: 4289, Time: 00:10:28

Health: -1/32      AC:  3    Str:  5    XL:     6   Next: 59%
Magic:  8/18       EV: 11    Int: 25    God:    Vehumet [......]
Gold:   108        SH:  0    Dex: 11    Spells: 6 memorised, 1 level left

rFire  . . .     SeeInvis .     w - +6 falchion of Upheaval {slice, rN+ Int+3 Dex-4}
rCold  + . .     Gourm    .     a - +0 robe
rNeg   + . .     Faith    .     (no shield)
rPois  .         Spirit   .     r - +0 hat
rElec  .         Dismiss  .     (no cloak)
rCorr  .         Reflect  .     p - +0 pair of gloves
MR     .....     Harm     .     (no boots)
Stlth  +.........               s - amulet of rage
                                (no ring)
                                l - ring of protection from cold

@: heavily drained
A: no striking features
a: Renounce Religion, Evoke Berserk Rage


You were on level 4 of the Dungeon.
You worshipped Vehumet.
Vehumet was noncommittal.
You were hungry.

You visited 1 branch of the dungeon, and saw 4 of its levels.

You collected 108 gold pieces.

Inventory:

Hand Weapons
 e - a +0 dagger
 w - the +6 falchion of Upheaval (weapon) {slice, rN+ Int+3 Dex-4}
   (You found it on level 4 of the Dungeon)

   It inflicts extra damage upon your enemies.
   It affects your intelligence (+3).
   It affects your dexterity (-4).
   It protects you from negative energy.
Armour
 a - a +0 robe (worn)
 j - a +0 shield
 p - a +0 pair of gloves (worn)
 r - a +0 hat (worn)
Jewellery
 f - an uncursed amulet of harm
 l - a ring of protection from cold (left hand)
 s - an amulet of rage (around neck)
Scrolls
 i - a scroll of remove curse
 k - a scroll of immolation {unknown}
 m - a scroll of magic mapping
 q - 2 scrolls of recharging {unknown}
 v - a scroll of blinking {unknown}
 x - a scroll of fear {unknown}
Potions
 d - a potion of resistance
 h - 2 potions of curing
 n - 2 potions of agility
 o - a potion of lignification
 t - a potion of might
 u - 2 potions of magic {unknown}
Books
 b - a book of Flames

   Spells                             Type                      Level
   a - Flame Tongue                   Conjuration/Fire             1
   b - Throw Flame                    Conjuration/Fire             2
   c - Conjure Flame                  Conjuration/Fire             3
   d - Inner Flame                    Hexes/Fire                   3
   e - Sticky Flame                   Conjuration/Fire             4
   f - Fireball                       Conjuration/Fire             5
Comestibles
 c - 4 bread rations
 g - a beef jerky


   Skills:
 - Level 2.4(1.0) Dodging
 - Level 2.4(1.0) Stealth
 * Level 7.4(5.8) Spellcasting
 + Level 3.5(2.2) Conjurations
 + Level 4.7(3.3) Fire Magic


You had one spell level left.
You knew the following spells:

 Your Spells              Type           Power        Failure   Level  Hunger
a - Flame Tongue          Conj/Fire      ###..        2%          1    None
b - Throw Flame           Conj/Fire      ###...       4%          2    None
c - Conjure Flame         Conj/Fire      ###.....     10%         3    #......
d - Inner Flame           Hex/Fire       ###.....     12%         3    #......
e - Sticky Flame          Conj/Fire      ###.....     28%         4    ###....
f - Fireball              Conj/Fire      ###.......   75%         5    #####..


Dungeon Overview and Level Annotations

Branches:
Dungeon (4/15)
 Temple: D:4-7

Altars:
Qazlal
Trog
Vehumet
Xom
The Shining One

Annotations:
D:4 Edmund


Message History

Things that are here:
a mace; a leather armour; an orc corpse
Casting: Flame Tongue
Confirm with . or Enter, or press ? or * to list all spells.
Aiming: Sticky Flame
Press: ? - help, Shift-Dir - straight line, f - Edmund
Aim: Edmund, wielding a flail of protection and wearing a chain mail The sticky flame hits Edmund.
Edmund appears unharmed.
Edmund is covered in liquid flames!
You are feeling hungry.
Edmund burns!
Edmund hits you with a flail of protection!
* * * LOW HITPOINT WARNING * * *
Unknown command.
As you read the scroll labeled NEORU YHILOK, it crumbles to dust.
You feel aware of your surroundings.
You sensed 2 altars.
It was a scroll of magic mapping.
Edmund burns!
The orc hits you with a whip.
* * * LOW HITPOINT WARNING * * *
Edmund hits you with a flail of protection!
You die...

#.....................#
#.....................#
###..###......##......#
###..#####+#####...####
..#....>......##...##
..#............#....#
..#............#....#
.###..###.....##....#
'########.....##@...#
...#......(....@o...#
...+................#
...#...(............#
.###...##.....##...##
.###...#########...#*
.......#,,,,,,,.....#
...o...#,,,,,,,...[.#
.......+,,,,,,,,....#


You could see Edmund (burning) and an orc.

Vanquished Creatures
  A scorpion (D:4)
  2 jellies (D:3)
  3 orc priests
  An orc wizard (D:4)
  A worker ant (D:4)
  5 adders
  3 worms
  3 dart slugs
  3 giant geckos
  12 orcs
  6 bats
  A giant cockroach (D:2)
  9 goblins
  5 hobgoblins
  An iguana (D:3)
  8 jackals
  10 kobolds
  4 quokkas
  7 giant newts
  16 rats
101 creatures vanquished.

Notes
Turn   | Place    | Note
-------+----------+-------------------------------------------
     0 | D:1      | Kidiri the Deep Elf Fire Elementalist began the quest for the Orb.
     0 | D:1      | Reached XP level 1. HP: 10/10 MP: 6/6
   142 | D:1      | Reached XP level 2. HP: 15/15 MP: 5/8
   146 | D:1      | Learned a level 2 spell: Throw Flame
   336 | D:1      | Reached skill level 4 in Spellcasting
   513 | D:1      | Reached XP level 3. HP: 18/19 MP: 2/10
   518 | D:1      | Learned a level 3 spell: Conjure Flame
   522 | D:1      | Learned a level 3 spell: Inner Flame
  1426 | D:2      | Reached XP level 4. HP: 24/24 MP: 10/12
  1678 | D:2      | Found a bloodstained altar of Trog.
  1704 | D:2      | Reached skill level 5 in Spellcasting
  1849 | D:2      | Learned a level 4 spell: Sticky Flame
  2426 | D:3      | Found a radiant altar of Vehumet.
  2426 | D:3      | Found a stormy altar of Qazlal.
  2428 | D:3      | Found a glowing golden altar of the Shining One.
  2433 | D:3      | Reached XP level 5. HP: 8/28 MP: 2/15
  2467 | D:3      | Became a worshipper of Vehumet
  2979 | D:3      | Reached skill level 6 in Spellcasting
  3191 | D:3      | Found a shimmering altar of Xom.
  3897 | D:3      | Reached XP level 6. HP: 32/32 MP: 10/17
  3904 | D:3      | Learned a level 5 spell: Fireball
  4212 | D:4      | Reached skill level 7 in Spellcasting
  4250 | D:4      | Got a smoking falchion
  4251 | D:4      | Identified the +6 falchion of Upheaval {slice, rN+ Int+3 Dex-4} (You found it on level 4 of the Dungeon)
  4252 | D:4      | Noticed Edmund
  4289 | D:4      | Slain by Edmund

Vault maps used:
D:1:      dpeg_arrival_orchard
D:2:      trog_butcher_becter
D:3:      gammafunk_temple_overflow_claw, first_bread, dk_xom_monty_hall
D:4:      lemuel_crystal_altar, lemuel_crystal_altar, uniq_edmund

Skill      XL: |  1  2  3  4  5  6 |
---------------+-------------------+-----
Spellcasting   | 4 5 6 7 |  7.4
Conjurations   | 2 3 |  3.5
Fire Magic     | 4 |  4.7
Dodging        | |  2.4
Stealth        | |  2.4

Action                   |  1- 3 |  4- 6 || total
-------------------------+-------+-------++-------
Melee: Dagger            |    11 |    29 ||    40
       Falchion          |       |     2 ||     2
 Cast: Flame Tongue      |    66 |    79 ||   145
       Throw Flame       |     3 |     5 ||     8
       Inner Flame       |       |     4 ||     4
       Conjure Flame     |       |     2 ||     2
       Sticky Flame      |       |     5 ||     5
       Fireball          |       |     1 ||     1
  Use: Scroll            |     4 |     3 ||     7
 Stab: Sleeping          |     3 |     7 ||    10
  Eat: Chunk             |     1 |     8 ||     9
       Fruit             |       |     2 ||     2
Armor: Robe              |     7 |    14 ||    21
Dodge: Dodged            |    26 |    48 ||    74
